BOTTOM OF THE 1ST |
---|
Baffin Island Beavers batting - Pitching for Nassau Rockets : RHP Sid Allen | Pitching: RHP Sid Allen | | Batting: LHB Norberto Muñóz | 0-0: Ground out 6-3 (Groundball, 6) | Batting: RHB Tony Morton | 0-0: Foul Ball, location: 2F 0-1: Swinging Strike 0-2: Ball 1-2: Ball 2-2: Ball 3-2: Foul Ball, location: 2F 3-2: Base on Balls | Batting: RHB Dave Craig | 0-0: Ball 1-0: Ball 2-0: Ball 3-0: Called Strike 3-1: Foul Ball, location: 2F 3-2: SINGLE (Line Drive, 56) Tony Morton to second Tony Morton to third | Batting: LHB Lorenzo Villa | 0-0: Ball 1-0: Called Strike 1-1: Swinging Strike 1-2: Strikes out swinging | Batting: RHB José García | 0-0: Called Strike 0-1: Ball 1-1: Foul Ball, location: 2F 1-2: Fly out, F6 (Popup, 6S) | Bottom of the 1st over - 0 runs, 1 hit, 0 errors, 2 left on base; Nassau 2 - Baffin Island 0 | TOP OF THE 2ND |
---|
Nassau Rockets batting - Pitching for Baffin Island Beavers : RHP Jesse Little | Batting: LHB Shiro Ueno | 0-0: Ball 1-0: Called Strike 1-1: Ball 2-1: SINGLE (Groundball, 4D) | Batting: RHB Kenji Kudo | 0-0: Foul Ball, location: 2F 0-1: Grounds into double play, 6-4-3 (Groundball, 6) | Batting: RHB Pete Harvey | 0-0: Ground out 6-3 (Groundball, 56) | Top of the 2nd over - 0 runs, 1 hit, 0 errors, 0 left on base; Nassau 2 - Baffin Island 0 | BOTTOM OF THE 2ND |
---|
Baffin Island Beavers batting - Pitching for Nassau Rockets : RHP Sid Allen | Batting: LHB César Valentín | 0-0: Called Strike 0-1: Ball 1-1: Ball 2-1: Ball 3-1: Base on Balls | Batting: LHB Howard Evans | 0-0: Ball 1-0: Swinging Strike 1-1: Ball 2-1: SINGLE (Groundball, 3D) César Valentín to second Runner from 2nd tries for 3rd, SAFE, no throw | Batting: LHB Mike MacFadden | 0-0: Ball 1-0: Foul Ball, location: 2F 1-1: Swinging Strike 1-2: Strikes out swinging | Batting: RHB Jonathan MacVey | 0-0: Ball 1-0: Ball 2-0: Foul Ball, location: 2F 2-1: Ball 3-1: Base on Balls Howard Evans to second | Batting: LHB Norberto Muñóz | 0-0: Ball 1-0: DOUBLE (Line Drive, 9D) César Valentín scores Howard Evans scores Jonathan MacVey to third | Batting: RHB Tony Morton | 0-0: Called Strike 0-1: Ball 1-1: Fly out, F3 (Flyball, 3D) | Batting: RHB Dave Craig | 0-0: Ground out 6-3 (Groundball, 6) | Bottom of the 2nd over - 2 runs, 2 hits, 0 errors, 2 left on base; Nassau 2 - Baffin Island 2 | TOP OF THE 3RD |
---|
Nassau Rockets batting - Pitching for Baffin Island Beavers : RHP Jesse Little | Batting: SHB Edgardo Osorio | 0-0: Foul Ball, location: 2F 0-1: Ball 1-1: SINGLE (Groundball, 6MD) | Batting: RHB Jesús Villalobos | 0-0: Called Strike 0-1: Fly out, F8 (Flyball, 78D) | Batting: LHB Andrew Alvarado | 0-0: Ball Edgardo Osorio steals 2nd base 1-0: Ball Edgardo Osorio steals 3rd base 2-0: Ball 3-0: Called Strike 3-1: Base on Balls | Batting: RHB Brant Sherman | 0-0: Called Strike 0-1: Foul Ball, location: 2F 0-2: Foul Ball, location: 2F 0-2: Fly out, F7 (Flyball, 7LSF) Runner from 3rd tags up, SCORES, no throw | Batting: LHB Juan Romero | 0-0: Ball Andrew Alvarado is caught stealing 2nd base | Top of the 3rd over - 1 run, 1 hit, 0 errors, 0 left on base; Nassau 3 - Baffin Island 2 | BOTTOM OF THE 3RD |
---|
Baffin Island Beavers batting - Pitching for Nassau Rockets : RHP Sid Allen | Batting: LHB Lorenzo Villa | 0-0: Foul Ball, location: 2F 0-1: Ball 1-1: Ball 2-1: Called Strike 2-2: Fly out, F3 (Line Drive, 3) | Batting: RHB José García | 0-0: Ball 1-0: Ground out 3-1 (Groundball, 34) | Batting: LHB César Valentín | 0-0: Ball 1-0: Called Strike 1-1: Ball 2-1: Foul Ball, location: 2F 2-2: Ball 3-2: Foul Ball, location: 2F 3-2: Fly out, F8 (Line Drive, 89D) | Bottom of the 3rd over - 0 runs, 0 hits, 0 errors, 0 left on base; Nassau 3 - Baffin Island 2 | TOP OF THE 4TH |
---|
Nassau Rockets batting - Pitching for Baffin Island Beavers : RHP Jesse Little | Batting: LHB Juan Romero | 0-0: Ball 1-0: Ball 2-0: Ball 3-0: Called Strike 3-1: Base on Balls | Batting: LHB Dusty Wilson | 0-0: SINGLE (Line Drive, 9S) Juan Romero to second | Batting: LHB Shiro Ueno | 0-0: Fly out, F4 (Popup, 34D) | Batting: RHB Kenji Kudo | 0-0: Called Strike 0-1: Ball 1-1: Fly out, F5 (Line Drive, 5L) | Batting: RHB Pete Harvey | 0-0: Called Strike 0-1: Ball 1-1: Ball 2-1: 3-RUN HOME RUN (Flyball, 78XD), Distance : 429 ft | Pitching: RHP Dave Rhodes | | Batting: SHB Edgardo Osorio | 0-0: Ball 1-0: Swinging Strike 1-1: Called Strike 1-2: Foul Ball, location: 2F 1-2: Strikes out swinging | Top of the 4th over - 3 runs, 2 hits, 0 errors, 0 left on base; Nassau 6 - Baffin Island 2 | BOTTOM OF THE 4TH |
---|
Baffin Island Beavers batting - Pitching for Nassau Rockets : RHP Sid Allen | Batting: LHB Howard Evans | 0-0: Ball 1-0: Foul Ball, location: 2F 1-1: Swinging Strike 1-2: Fly out, F3 (Popup, 3F) | Batting: LHB Mike MacFadden | 0-0: Ball 1-0: Ball 2-0: Called Strike 2-1: Ball 3-1: SOLO HOME RUN (Flyball, 9D), Distance : 381 ft | Batting: RHB Jonathan MacVey | 0-0: Foul Ball, location: 2F 0-1: Ball 1-1: Ball 2-1: Ball 3-1: Fly out, F4 (Popup, 4) | Batting: LHB Norberto Muñóz | 0-0: Called Strike 0-1: Called Strike 0-2: Strikes out looking | Bottom of the 4th over - 1 run, 1 hit, 0 errors, 0 left on base; Nassau 6 - Baffin Island 3 | TOP OF THE 5TH |
---|
Nassau Rockets batting - Pitching for Baffin Island Beavers : RHP Dave Rhodes | Batting: RHB Jesús Villalobos | 0-0: Called Strike 0-1: Called Strike 0-2: Strikes out looking | Batting: LHB Andrew Alvarado | 0-0: Ball 1-0: Foul Ball, location: 2F 1-1: Swinging Strike 1-2: Ground out 1-3 (Groundball, P) | Batting: RHB Brant Sherman | 0-0: Ball 1-0: Called Strike 1-1: Ground out U3 (Groundball, 34) | Top of the 5th over - 0 runs, 0 hits, 0 errors, 0 left on base; Nassau 6 - Baffin Island 3 | BOTTOM OF THE 5TH |
---|
Baffin Island Beavers batting - Pitching for Nassau Rockets : RHP Chris Marshall | Pitching: RHP Chris Marshall | | Batting: RHB Tony Morton | 0-0: Called Strike 0-1: Called Strike 0-2: Ball 1-2: Fly out, F8 (Flyball, 8RS) | Batting: RHB Dave Craig | 0-0: Called Strike 0-1: Foul Ball, location: 2F 0-2: Ball 1-2: Ball 2-2: Fly out, F8 (Flyball, 8RM) | Batting: LHB Lorenzo Villa | 0-0: Ball 1-0: Ball 2-0: Fly out, F8 (Flyball, 8LM) | Bottom of the 5th over - 0 runs, 0 hits, 0 errors, 0 left on base; Nassau 6 - Baffin Island 3 | TOP OF THE 6TH |
---|
Nassau Rockets batting - Pitching for Baffin Island Beavers : RHP Dave Rhodes | Batting: LHB Juan Romero | 0-0: DOUBLE (Line Drive, 7LM) | Batting: LHB Dusty Wilson | 0-0: Called Strike 0-1: Swinging Strike 0-2: Ball 1-2: Fly out, F6 (Popup, 6D) | Batting: LHB Shiro Ueno | 0-0: Ball 1-0: Ground out 6-3 (Groundball, 6) | Batting: RHB Kenji Kudo | 0-0: Intentional Walk | Batting: RHB Pete Harvey | 0-0: Ball 1-0: Ball 2-0: Called Strike 2-1: Ball 3-1: Foul Ball, location: 2F 3-2: Foul Ball, location: 2F 3-2: Strikes out looking | Top of the 6th over - 0 runs, 1 hit, 0 errors, 2 left on base; Nassau 6 - Baffin Island 3 | BOTTOM OF THE 6TH |
---|
Baffin Island Beavers batting - Pitching for Nassau Rockets : RHP Chris Marshall | Batting: RHB José García | 0-0: Ball 1-0: Foul Ball, location: 2F 1-1: Hit by Pitch | Batting: LHB César Valentín | 0-0: Foul Ball, location: 2F 0-1: Foul Ball, location: 2F 0-2: Ball 1-2: Ball 2-2: DOUBLE (Line Drive, 7LD) José García to third | Batting: LHB Howard Evans | 0-0: Foul Ball, location: 2F 0-1: Ball 1-1: Called Strike 1-2: Ball 2-2: Strikes out looking | Batting: LHB Mike MacFadden | 0-0: Swinging Strike 0-1: Ball 1-1: SINGLE (Groundball, 34D) José García scores César Valentín to third Runner from 3rd tries for Home, throw and OUT! Mike MacFadden to second | Batting: RHB Jonathan MacVey | 0-0: Ball 1-0: Called Strike 1-1: Ball 2-1: Ball 3-1: SINGLE (Line Drive, 4M) Mike MacFadden to third | Batting: LHB Norberto Muñóz | 0-0: Called Strike 0-1: Foul Ball, location: 2F 0-2: Ball 1-2: Ball 2-2: Ball 3-2: SINGLE (Groundball, 56D) Mike MacFadden scores Jonathan MacVey to second Jonathan MacVey to third | Pitching: RHP Guan-cai Yong | | Batting: RHB Tony Morton | 0-0: Ball 1-0: Foul Ball, location: 2F 1-1: 3-RUN HOME RUN (Line Drive, 9D), Distance : 389 ft | Pinch Hitting: RHB Tomás Díaz | 0-0: Foul Ball, location: 2F 0-1: Swinging Strike 0-2: Strikes out looking | Bottom of the 6th over - 5 runs, 5 hits, 0 errors, 0 left on base; Nassau 6 - Baffin Island 8 | TOP OF THE 7TH |
---|
Nassau Rockets batting - Pitching for Baffin Island Beavers : RHP Dave Rhodes | Now at SS: Tomás Díaz | | Pinch Hitting: LHB Don Ramey | 0-0: Ball 1-0: Ground out 6-3 (Groundball, 6S) | Pinch Hitting: LHB Wilson Allen | 0-0: Ball 1-0: Ball 2-0: Foul Ball, location: 2F 2-1: Swinging Strike 2-2: Strikes out swinging | Pinch Hitting: RHB Salvador Borbón | 0-0: Called Strike 0-1: Called Strike 0-2: Strikes out swinging | Top of the 7th over - 0 runs, 0 hits, 0 errors, 0 left on base; Nassau 6 - Baffin Island 8 | BOTTOM OF THE 7TH |
---|
Baffin Island Beavers batting - Pitching for Nassau Rockets : RHP Guan-cai Yong | Now at 1B: Wilson Allen | | Now at SS: Salvador Borbón | | Now in LF: Don Ramey | | Batting: RHB Alden Isenhood | 0-0: Fly out, F7 (Line Drive, 7) | Batting: RHB José García | 0-0: Hit by Pitch | Batting: LHB César Valentín | 0-0: Ball 1-0: Ball 2-0: Foul Ball, location: 2F 2-1: Ball 3-1: SINGLE (Groundball, 15S) (infield hit) José García to second | Batting: LHB Howard Evans | 0-0: Ball José García steals 3rd base 1-0: Foul Ball, location: 2F 1-1: Called Strike 1-2: Ball Wild Pitch! José García scores César Valentín to second 2-2: Ball 3-2: Intentional Walk | Batting: LHB Mike MacFadden | 0-0: Swinging Strike 0-1: Ball 1-1: Ball 2-1: Foul Ball, location: 2F 2-2: Ball 3-2: Strikes out looking Howard Evans is caught stealing 2nd base Batter strikes out. | Bottom of the 7th over - 1 run, 1 hit, 0 errors, 1 left on base; Nassau 6 - Baffin Island 9 | TOP OF THE 8TH |
---|
Nassau Rockets batting - Pitching for Baffin Island Beavers : RHP Dave Rhodes | Pitching: RHP Beau Brown | | Pinch Hitting: LHB Doug Thompson | 0-0: Ball 1-0: Called Strike 1-1: Ball 2-1: Foul Ball, location: 2F 2-2: Fly out, F8 (Flyball, 78M) | Pinch Hitting: SHB Joaquín López | 0-0: Ball 1-0: Ball 2-0: Called Strike 2-1: Called Strike 2-2: Foul Ball, location: 2F 2-2: Ball 3-2: Base on Balls | Batting: LHB Rafael Delgado | 0-0: Ball 1-0: Ball 2-0: Called Strike 2-1: Swinging Strike 2-2: Strikes out swinging | Batting: LHB Shiro Ueno | 0-0: Ball 1-0: Foul Ball, location: 2F 1-1: Fly out, F6 (Line Drive, 6M) | Top of the 8th over - 0 runs, 0 hits, 0 errors, 1 left on base; Nassau 6 - Baffin Island 9 | BOTTOM OF THE 8TH |
---|
Baffin Island Beavers batting - Pitching for Nassau Rockets : RHP Guan-cai Yong | Now at 2B: Joaquín López | | Now in LF: Doug Thompson | | Batting: RHB Jonathan MacVey | 0-0: Called Strike 0-1: Ball 1-1: Foul Ball, location: 2F 1-2: Foul Ball, location: 2F 1-2: Ground out 6-3 (Groundball, 6) | Batting: LHB Norberto Muñóz | 0-0: Foul Ball, location: 2F 0-1: Foul Ball, location: 2F 0-2: Fly out, F6 (Line Drive, 6M) | Batting: RHB Tony Morton | 0-0: Called Strike 0-1: Ball 1-1: Foul Ball, location: 2F 1-2: Fly out, F7 (Flyball, 7LSF) | Bottom of the 8th over - 0 runs, 0 hits, 0 errors, 0 left on base; Nassau 6 - Baffin Island 9 | TOP OF THE 9TH |
---|
Nassau Rockets batting - Pitching for Baffin Island Beavers : RHP Beau Brown | Pitching: LHP Brent Miller | | Batting: RHB Kenji Kudo | 0-0: Ball 1-0: Called Strike 1-1: Ball 2-1: SOLO HOME RUN (Flyball, 7LD), Distance : 352 ft | Pinch Hitting: RHB Bill Little | 0-0: Ball 1-0: Called Strike 1-1: Swinging Strike 1-2: Strikes out looking | Batting: LHB Don Ramey | 0-0: Ground out 4-3 (Groundball, 4) | Batting: LHB Wilson Allen | 0-0: Ball 1-0: Called Strike 1-1: Called Strike 1-2: Foul Ball, location: 2F 1-2: Ball 2-2: Strikes out swinging | Top of the 9th over - 1 run, 1 hit, 0 errors, 0 left on base; Nassau 7 - Baffin Island 9 | |